Map: Blackrock LE

Players

TerranYOUup

  • Race: Terran Terran
  • League: Diamond
  • Spawn Location: 1:00

RipNHammer - Winner!

  • Race: Terran Terran
  • League: Master
  • Spawn Location: 7:00

VOD

Have the link to the VOD?

Description

Time

  • Played on: Sept. 6, 2026, 5:54 p.m.
  • Length: 12:44
Show
View Real Time Build Order
Export as new Build Order

TerranYOUup Terran 

Build Orders: Mech 

Get SALT Encoding   

  8  0:00  SCV  
  9  0:12  SCV  
  10  0:24  SCV  
  11  0:29  Supply Depot  
  11  0:36  SCV  
  11  0:42  Refinery  
  12  0:48  SCV  
  13  1:01  SCV  
  14  1:09  Barracks  
  14  1:13  SCV  
  15  1:20  Refinery  
  15  1:29  SCV  
  16  1:41  SCV  
  17  1:53  SCV  
  18  1:57  Factory, Barracks Tech Lab  
  18  2:08  Orbital Command  
  18  2:17  Marauder  
  20  2:24  Supply Depot  
  20  2:34  SCV  
  21  2:48  Siege Tank  
  21  2:49  SCV  
  25  2:55  Starport  
  25  3:02  SCV  
  26  3:06  Supply Depot  
  26  3:10  Barracks Reactor  
  26  3:14  SCV  
  27  3:26  SCV  
  28  3:27  Siege Tank  
  31  3:42  Command Center  
  31  3:57  Viking x2  
  35  4:02  Supply Depot  
  35  4:04  SCV  
  36  4:16  SCV  
  37  4:25  Command Center  
  37  4:35  Viking  
  37  4:37  Viking  
  41  4:40  SCV  
  42  4:48  Siege Tank  
  45  5:00  SCV  
  45  5:06  Viking  
  48  5:15  Orbital Command  
  48  5:19  Refinery  
  48  5:20  Refinery  
  48  5:21  SCV  
  49  5:33  SCV, Command Center  
  50  5:44  Orbital Command  
  50  5:45  SCV x2  
  52  5:57  SCV  
  52  5:58  SCV  
  54  6:09  Viking, SCV  
  54  6:10  SCV  
  54  6:11  Viking  
  60  6:13  SCV  
  61  6:21  SCV  
  61  6:22  SCV  
  63  6:25  SCV  
  64  6:33  SCV  
  64  6:34  SCV  
  64  6:37  Factory, SCV  
  64  6:39  Factory  
  67  6:40  Factory  
  67  6:48  Factory  
  67  6:49  SCV x2  
  67  6:50  Factory, SCV  
  70  6:57  SCV  
  71  7:01  SCV  
  71  7:02  SCV  
  73  7:14  Factory  
  73  7:18  Armory  
  73  7:19  Armory  
  73  7:29  Factory Reactor x3  
  73  7:31  SCV x2  
  73  7:32  SCV  
  73  7:33  Factory Tech Lab x2  
  76  7:43  SCV x2  
  78  7:57  Factory Tech Lab  
  78  8:00  Viking x2  
  78  8:04  Supply Depot  
  78  8:05  Supply Depot  
  82  8:06  Supply Depot  
  82  8:07  Supply Depot x2  
  82  8:08  Supply Depot  
  82  8:14  Orbital Command  
  82  8:18  SCV x2  
  82  8:19  Refinery x2  
  84  8:23  Terran Vehicle Weapons Level 1  
  84  8:24  Terran Vehicle And Ship Armor Level 1  
  84  8:26  SCV, Siege Tank x3  
  94  8:27  Siege Tank  
  94  8:30  SCV  
  77  8:56  Hellion x2  
  77  8:57  Hellion  
  77  8:58  Cyclone x2  
  77  8:59  Cyclone  
  77  9:00  SCV x2  
  91  9:10  Orbital Command  
  91  9:14  Cyclone  
  91  9:15  Hellion x3  
  99  9:36  SCV  
  99  9:37  SCV  
  87  9:53  Siege Tank x4  
  87  9:54  Hellion x4  
  90  10:17  SCV x2  
  90  10:18  SCV  
  85  10:25  Refinery  
  85  10:26  Refinery  
  85  10:29  SCV  
  85  10:30  SCV x2  
  88  10:41  SCV  
  88  10:42  SCV x2  
  52  10:59  Cyclone x2  
  52  11:00  Cyclone x2  
  52  11:01  Hellion x4  
  52  11:02  Hellion x2  
  52  11:03  SCV x3  
  74  11:15  SCV x3  
  75  11:27  SCV x2  
  75  11:28  SCV  
  78  11:37  Cyclone x2  
  78  11:38  Cyclone x2  
  78  11:39  SCV  
  92  11:40  SCV x2  
  93  12:09  Cyclone  
  93  12:10  Cyclone x2  
  102  12:16  Supply Depot  
Show
View Real Time Build Order
Export as new Build Order

RipNHammer Terran - Winner!

Build Orders: Mech 

Get SALT Encoding   

  8  0:00  SCV  
  9  0:12  SCV  
  10  0:24  SCV  
  11  0:36  SCV  
  11  0:41  Supply Depot  
  12  0:49  SCV  
  13  1:03  SCV  
  14  1:04  Barracks  
  14  1:07  Refinery  
  14  1:15  SCV  
  15  1:24  Refinery  
  15  1:27  SCV  
  16  1:39  SCV  
  17  1:52  Orbital Command  
  17  1:53  Reaper  
  18  2:10  Factory  
  18  2:16  Supply Depot  
  18  2:21  SCV  
  19  2:33  SCV  
  19  2:34  Barracks Reactor  
  20  2:45  SCV  
  21  2:56  Command Center  
  21  2:57  SCV  
  22  3:03  Factory Tech Lab  
  22  3:07  Starport  
  22  3:11  Marine  
  24  3:15  SCV  
  24  3:20  Supply Depot  
  24  3:27  Cyclone  
  24  3:32  SCV  
  28  3:35  Marine  
  29  3:46  Viking  
  31  3:52  SCV  
  31  3:54  Marine  
  33  4:04  SCV, Siege Tank  
  37  4:13  Orbital Command  
  37  4:16  Refinery  
  37  4:21  SCV  
  38  4:28  Supply Depot  
  38  4:33  SCV  
  38  4:34  Viking  
  41  4:40  Viking  
  41  4:43  SCV  
  44  4:53  Siege Tank, SCV  
  44  4:55  SCV  
  49  5:05  Viking, SCV  
  52  5:07  Marine  
  52  5:09  SCV  
  53  5:14  Viking  
  53  5:21  Refinery  
  55  5:23  Supply Depot  
  55  5:25  Hellion  
  57  5:30  SCV  
  58  5:41  Command Center  
  58  5:44  SCV x2, Viking  
  62  5:50  Supply Depot  
  62  5:52  Viking  
  64  6:01  Cyclone  
  64  6:04  SCV  
  68  6:09  SCV  
  69  6:12  Factory  
  69  6:15  Viking  
  69  6:16  SCV  
  72  6:21  SCV  
  73  6:26  Viking  
  73  6:28  SCV  
  73  6:32  Supply Depot  
  76  6:33  SCV  
  76  6:36  Mag-Field Accelerator  
  77  6:40  SCV  
  77  6:46  SCV  
  79  6:54  Supply Depot, Orbital Command  
  79  6:58  Factory Tech Lab  
  79  7:00  Factory  
  79  7:03  SCV  
  79  7:08  Cyclone  
  83  7:10  SCV  
  83  7:15  Factory  
  84  7:17  SCV  
  84  7:19  Orbital Command  
  85  7:26  Siege Tank  
  85  7:27  Viking  
  85  7:28  SCV  
  91  7:34  SCV  
  92  7:38  Infernal Pre-Igniter  
  92  7:40  SCV  
  92  7:42  Armory  
  93  7:44  Armory  
  93  7:46  Factory Tech Lab, SCV  
  93  7:49  SCV  
  95  7:53  SCV  
  95  7:54  Refinery  
  95  7:58  SCV  
  95  8:01  SCV  
  95  8:05  SCV  
  97  8:08  Cyclone, Siege Tank  
  97  8:10  Factory Reactor, Factory, SCV  
  104  8:13  SCV  
  104  8:17  SCV  
  104  8:18  Supply Depot  
  106  8:23  SCV  
  106  8:24  Siege Tank  
  106  8:25  SCV  
  111  8:43  Cyclone, Siege Tank  
  111  8:44  Viking  
  119  8:50  Viking  
  116  8:56  Hellion  
  116  8:57  SCV  
  116  9:00  Terran Vehicle Weapons Level 1, Terran Vehicle And Ship Armor Level 1  
  116  9:02  Supply Depot  
  119  9:04  SCV  
  119  9:05  Refinery  
  119  9:07  Supply Depot, Engineering Bay  
  119  9:08  Supply Depot  
  120  9:16  Viking  
  122  9:17  Cyclone  
  122  9:18  Hellion  
  122  9:23  Viking, Hellion  
  130  9:43  Cyclone, Siege Tank, Hellion  
  132  9:55  Cyclone, Hellion  
  125  10:00  Viking x2  
  125  10:05  Hellion  
  131  10:08  SCV  
  131  10:10  Factory Tech Lab  
  131  10:11  SCV  
  127  10:15  Siege Tank, Cyclone  
  127  10:17  Hellion  
  127  10:20  SCV  
  124  10:24  Missile Turret  
  124  10:27  Command Center, Siege Tank  
  124  10:28  Sensor Tower, SCV  
  128  10:30  Missile Turret  
  129  10:35  SCV x2  
  129  10:38  Missile Turret  
  129  10:40  SCV  
  129  10:54  Cyclone, Siege Tank  
  129  10:55  Hellion  
  127  11:14  Cyclone, Siege Tank  
  127  11:15  Hellion  
  135  11:18  Hellion  
  135  11:21  SCV  
  136  11:26  Cyclone  
  136  11:27  Siege Tank  
  136  11:29  SCV  
  143  11:36  SCV x2  
  145  11:43  Hellion x2  
  145  11:45  Sensor Tower  
  145  11:46  Refinery x2  
  149  11:49  Factory  
  149  11:50  Viking x2  
  149  11:51  SCV  
  154  11:54  SCV  
  154  11:58  Armory  
  155  12:01  Starport  
  155  12:04  SCV x2  
  155  12:06  SCV, Cyclone  
  155  12:07  Siege Tank  
  164  12:13  Missile Turret  
  164  12:29  SCV  
  164  12:30  SCV  
  164  12:35  Missile Turret  
Tags
 
Composition
MechMech
Matchup
TvT
Race
Terran
Replay Pack
RipNHammer
Spawn Locations
Cross Positions
Add a new tag
Caveats
  • Supply blocks, unpowered buildings, or Contaminate may cause inaccurate times.
  • Supply counts are checked every 10 seconds.